 Dungeon Crawl Stone Soup version 0.21-a0-221-gfe971b9 (webtiles) character file.

98 Gorglomux the Skirmisher (level 4, -6/40 HPs)
             Began as a Hill Orc Earth Elementalist on Aug 24, 2017.
             Killed from afar by Natasha (9 damage)
             ... with a magic dart
             ... on level 2 of the Dungeon.
             The game lasted 00:06:42 (2016 turns).

Gorglomux the Skirmisher (HOEE)                     Turns: 2016, Time: 00:06:42

Health: -6/40      AC:  3    Str: 16    XL:     4   Next: 71%
Magic:  1/6        EV: 11    Int: 15    God:
Gold:   124        SH:  0    Dex: 11    Spells: 5/6 levels left

rFire    . . .     SeeInvis .   s - +0 hand axe
rCold    . . .     Gourm    .   (no shield)
rNeg     . . .     Faith    +   k - +0 leather armour (curse)
rPois    .         Spirit   .   (no helmet)
rElec    .         Reflect  .   (no cloak)
rCorr    .         Harm     .   (no gloves)
MR       .....                  (no boots)
Stlth    +.........             r - amulet of faith
HPRegen  0.13/turn              (no ring)
MPRegen  0.10/turn              (no ring)

@: mighty, hasted and slowed
A: no striking features
a: no special abilities


You were on level 2 of the Dungeon.
You were not hungry.

You visited 1 branch of the dungeon, and saw 2 of its levels.

You collected 124 gold pieces.

Inventory:

Hand Weapons
 i - a +0 dagger
 s - a +0 hand axe (weapon)
Missiles
 b - 18 stones (quivered)
 f - 7 tomahawks
Armour
 k - a cursed +0 leather armour (worn)
Jewellery
 r - an amulet of faith (around neck)
 A - a +6 amulet of reflection {unknown}
 C - an uncursed amulet of harm {unknown}
Scrolls
 g - a scroll of immolation {unknown}
 h - 4 scrolls of remove curse {unknown}
 n - 3 scrolls of identify {unknown}
 p - a scroll of enchant armour {unknown}
Potions
 m - a potion of might
 o - 2 potions of haste
 D - a potion of agility {unknown}
Books
 e - a book of Geomancy

   Spells                             Type                      Level
   a - Sandblast                      Earth                        1
   b - Passwall                       Transmutation/Earth          2
   c - Stone Arrow                    Conjuration/Earth            3
   d - Petrify                        Transmutation/Earth          4
   e - Lee's Rapid Deconstruction     Earth                        5
Comestibles
 d - a bread ration
 l - 2 royal jellies
 z - 3 meat rations
 E - a chunk of flesh


   Skills:
 + Level 4.3 Fighting
 + Level 2.4 Axes
 - Level 1.5 Dodging
 - Level 1.5 Stealth
 - Level 1.5 Spellcasting
   Level 0.6 Transmutations
 - Level 3.0 Earth Magic


You had 5 spell levels left.
You knew the following spells:

 Your Spells              Type           Power        Failure   Level  Hunger
a - Sandblast             Erth           ##....       9%          1    ##.....


Dungeon Overview and Level Annotations

Branches:
Dungeon (2/15)

Altars:
Nemelex Xobeh
The Shining One

Annotations:
D:2 Natasha


Message History

Confirm with ! or Enter, or press ? or * to list all spells!
Aiming: Sandblast
Press: ? - help, Shift-Dir - straight line, f/p - Natasha
Aim: Natasha (moderately wounded)
The blast of sand hits Natasha!
Natasha is moderately wounded! butt - 18 butts Natasha claws butt!!! * * * butt't die
* * * Natasha claws you! * * * don't die
* * * Unknown command!
It was a potion of might!
You feel very butt all of a sudden! Natasha claws you! * * * don't die
* * * It was a potion of haste!
You feel yourself speed up!
Natasha stares at you and mumbles some strange words!
The magic dart hits you!!! rip

.<###.####......#......# #....###
#..........#.##.##.#######.######
...##.######.##.##.# #...# #.
#.###.# #.......# #...# #.
......# ###..#### #...# #.
..##### #.## #...# #. ###
######.## #...# #.
######.......#### #...# #.
#......##....@h.######...#####
#......##.#..##....(..........
#.........#..##...............
#......####..##...............
#......####..#########...#####
#########.......# #...# ### ..#
#......#.#### #...# #.. #.#
#.####.#.# #...# #.#
#.###.####.#.# #...###.#


You could see Natasha.

Vanquished Creatures
  Natasha (D:2)
  3 adders (D:2)
  2 worms (D:2)
  A dart slug (D:1)
  A leopard gecko (D:2)
  2 bats
  5 giant cockroaches
  7 goblins
  3 hobgoblins
  A quokka (D:2)
  4 frilled lizards
  3 kobolds (D:1)
  5 rats
38 creatures vanquished.

Notes
Turn   | Place    | Note
-------+----------+-------------------------------------------
     0 | D:1      | Gorglomux the Hill Orc Earth Elementalist began the quest for the Orb.
     0 | D:1      | Reached XP level 1. HP: 14/14 MP: 3/3
     6 | D:1      | Noticed a worker ant
     6 | D:1      | Noticed a swamp worm
     6 | D:1      | Noticed a komodo dragon
     6 | D:1      | Noticed a black mamba
     6 | D:1      | Noticed a rime drake
   127 | D:1      | Reached skill level 1 in Fighting
   182 | D:1      | Reached skill level 2 in Fighting
   182 | D:1      | Reached XP level 2. HP: 21/24 MP: 4/4
   327 | D:1      | You fall through a shaft!
   349 | D:1      | Reached skill level 3 in Fighting
   349 | D:1      | Reached XP level 3. HP: 13/31 MP: 0/5
   809 | D:2      | Noticed Natasha
   819 | D:1      | Found a sparkling altar of Nemelex Xobeh.
  1183 | D:2      | Killed Natasha
  1183 | D:2      | Reached skill level 1 in Axes
  1183 | D:2      | Reached XP level 4. HP: 33/40 MP: 1/6
  1185 | D:2      | Found a glowing golden altar of the Shining One.
  1318 | D:2      | Reached skill level 4 in Fighting
  2005 | D:2      | Noticed Natasha
  2016 | D:2      | Killed from afar by Natasha

Vault maps used:
D:1:      onia_arrival_zoo_common, nemelex_altar_shiori
D:2:      old_standard_altar, uniq_natasha

Skill      XL: |  1  2  3  4 |
---------------+-------------+-----
Fighting       | 2 3 4 |  4.3
Axes           | 1 2 |  2.4
Dodging        | |  1.5
Stealth        | |  1.5
Spellcasting   | |  1.5
Transmutations | |  0.6
Earth Magic    | |  3.0

Action                   |  1- 3 |  4- 6 || total
-------------------------+-------+-------++-------
Melee: Dagger            |    77 |     9 ||    86
       Unarmed           |     7 |       ||     7
       Hand axe          |       |    43 ||    43
Throw: Javelin           |     4 |     2 ||     6
 Cast: Sandblast         |    11 |    17 ||    28
  Use: Potion            |       |     2 ||     2
 Stab: Sleeping          |     1 |     2 ||     3
  Eat: Chunk             |       |     4 ||     4
Armor: Leather armour    |    17 |     9 ||    26
       Robe              |     1 |       ||     1
Dodge: Dodged            |    46 |    35 ||    81

Table legend:
 A = Spawn XP
 B = Non-spawn XP
 C = Spawn XP percentage of total XP
 D = Spawn monster count
 E = Non-spawn monster count
 F = Spawn count percentage of total count
 G = Total turns spent on level
                    A         B        C        D         E        F      G
               +---------+---------+-------+---------+---------+-------+---------
         Total |      30 |     111 |  21.3 |       9 |      29 |  23.7 |  2016
               +---------+---------+-------+---------+---------+-------+---------
           D:1 |       5 |      23 |  17.9 |       3 |      13 |  18.8 |   904
           D:2 |      25 |      88 |  22.1 |       6 |      16 |  27.3 |  1112
               +---------+---------+-------+---------+---------+-------+---------
